 Dungeon Crawl Stone Soup version 0.30-a0-778-g2ef04afb54 (webtiles) character file.

Game seed: 4913263074732695237

508 Goldberg the Covered (level 7, 0/24 (54) HPs)
             Began as a Human Fighter on Feb 16, 2023.
             Was an Initiate of Ashenzari.
             Slain by Edmund
             ... wielding a +0 dire flail of draining
              (1 damage)
             ... on level 4 of the Dungeon.
             The game lasted 00:14:53 (2821 turns).

Goldberg the Covered (Human Fighter)                Turns: 2821, Time: 00:14:54

HP:   0/24 (54)     AC: 12    Str: 19    XL:     7   Next: 42%
MP:   7/7           EV:  7    Int:  8    God:    Ashenzari [......]
Gold: 204           SH:  5    Dex: 12    Spells: 6/6 levels left

rFire   . . .      SeeInvis .    a - +0 trident
rCold   . . .      Faith    .    c - +0 buckler
rNeg    + . .      Spirit   .    n - +1 chain mail
rPois   .          Reflect  .    (no helmet)
rElec   .          Harm     .    v - scarf {shadows}
rCorr   .          Rampage  .    (no gloves)
Will    .....                    f - +0 pair of boots Stlth
                                 p - amulet of magic regeneration
HPRegen 0.24/turn                o - ring of positive energy
MPRegen 0.50/turn                (no ring)

@: extremely drained
A: no striking features
a: Renounce Religion


You were on level 4 of the Dungeon.
You worshipped Ashenzari.
Ashenzari was noncommittal.
You visited 1 branch of the dungeon, and saw 4 of its levels.

You collected 204 gold pieces.

Inventory:

Hand Weapons
 a - a +0 trident (weapon)
Armour
 c - a +0 buckler (worn)
 f - a +0 pair of boots (worn)
 n - a +1 chain mail (worn)
 v - a scarf of shadows (worn)
Jewellery
 o - a ring of positive energy (left hand)
 p - an amulet of magic regeneration (around neck)
Wands
 k - a wand of mindburst (6)
Scrolls
 g - a scroll of enchant weapon {unknown}
 h - a scroll of amnesia {unknown}
 q - a scroll of fear {unknown}
 s - 2 scrolls of fog
 t - a scroll of immolation {unknown}
 u - a scroll of vulnerability {unknown}
Potions
 b - a potion of resistance {unknown}
 d - a potion of brilliance {unknown}
 e - a potion of haste {unknown}
 i - 2 potions of heal wounds {unknown}
 j - a potion of ambrosia {unknown}
 l - a potion of degeneration {unknown}
 r - 2 potions of flight {unknown}


   Skills:
 + Level 4.1 Fighting
 + Level 4.8 Polearms
 + Level 5.0 Armour
 + Level 4.1 Shields


You had 6 spell levels left.
You didn't know any spells.
Your spell library contained the following spells:

 Spells                   Type           Power      Damage    Failure   Level
 Apportation              Tloc           0%         N/A       99%         1
 Necrotise                Necr           0%         1d4       99%         1
 Summon Small Mammal      Summ           0%         N/A       99%         1
 Static Discharge         Conj/Air       0%         2-2/arc   100%        2
 Vhi's Electric Charge    Tloc/Air       0%         N/A       100%        3
 Arcjolt                  Conj/Air       0%         1d10      100%        5
 Lightning Bolt           Conj/Air       0%         1d11      100%        5


Dungeon Overview and Level Annotations

Branches:
Dungeon (4/15)
 Temple: D:4-7

Altars:
Ashenzari

Shops:
D:3 (

Annotations:
D:4 Edmund


Message History

Edmund is heavily wounded.
Edmund hits you but does no damage. You partially resist.
You don't know any spells.
Reach: a) +0 trident
Press: ? - help, Dir - move target, f/p - Edmund
Aim: Edmund, wielding a +0 dire flail of draining and wearing a +0 chain mail (heavily wounded, about 32% to evade your +0 trident)
You hit Edmund but do no damage.
Edmund is heavily wounded.
Edmund hits you but does no damage. You partially resist.
Reach: a) +0 trident
Press: ? - help, Dir - move target, f/p - Edmund
Aim: Edmund, wielding a +0 dire flail of draining and wearing a +0 chain mail (heavily wounded, about 32% to evade your +0 trident)
Okay, then.
Aiming: Mindburst
Press: ? - help, Shift-Dir - straight line, f/p - Edmund
Aim: Edmund, wielding a +0 dire flail of draining and wearing a +0 chain mail (heavily wounded, chance to affect: 64%) Edmund's mind is blasted!
Edmund hits you but does no damage. You partially resist.
You hit Edmund but do no damage.
Edmund is almost dead.
Edmund completely misses you.
You hit Edmund.
Edmund is almost dead.
Edmund closely misses you.
You hit Edmund but do no damage.
Edmund is almost dead.
Edmund hits you with a +0 dire flail of draining.
* * * LOW HITPOINT WARNING * * *
You partially resist.
You feel drained.
Aiming: Mindburst
Press: ? - help, Shift-Dir - straight line, f/p - Edmund
Aim: Edmund, wielding a +0 dire flail of draining and wearing a +0 chain mail (almost dead, chance to affect: 64%) Edmund struggles to resist.
Edmund hits you but does no damage. You partially resist.
You closely miss Edmund.
Edmund is almost dead.
Edmund hits you with a +0 dire flail of draining.
* * * LOW HITPOINT WARNING * * *
You partially resist.
You feel drained.
You die...

... ..... .#..# #. .....
.. ##..... #.####.#.#.##.
..#..#
....#....#..#.##.#..# ###
.......#.##.#.##....#...#
....##.#.##.#...@[#......
.....#..........@........
........#.###...÷.###....
##.#..)##.#####_#####..#.
##.#÷..÷#.###.....###..#
.....#.................#
.#.###........#####>...#
.........#...#.... ....#
.......................#
............##..........


You could see Edmund.

Vanquished Creatures
  A black bear (D:4)
  A howler monkey (D:4)
  2 hounds (D:4)
  A jelly (D:4)
  An iguana (D:4)
  Jessica (D:2)
  Terence (D:2)
  Natasha (D:3)
  6 gnolls
  5 adders
  A dart slug (D:1)
  2 orcs
  3 ball pythons
  4 endoplasms
  5 giant cockroaches
  8 goblins
  10 hobgoblins
  9 jackals
  A quokka (D:2)
  2 bats
  2 frilled lizards
  3 kobolds
  7 rats
77 creatures vanquished.

Vanquished Creatures (others)
  13 plants (D:2)
13 creatures vanquished.

Grand Total: 90 creatures vanquished

Notes
Turn   | Place    | Note
-------+----------+-------------------------------------------
     0 | D:1      | Goldberg the Human Fighter began the quest for the Orb.
     0 | D:1      | Reached XP level 1. HP: 18/18 MP: 1/1
    70 | D:1      | Reached XP level 2. HP: 24/24 MP: 2/2
   338 | D:1      | Reached XP level 3. HP: 29/29 MP: 3/3
   676 | D:2      | Noticed Jessica
   691 | D:2      | Killed Jessica
   692 | D:2      | Reached XP level 4. HP: 6/35 MP: 4/4
   909 | D:2      | Noticed Terence
   923 | D:2      | Killed Terence
   977 | D:2      | Reached skill level 4 in Armour
   977 | D:2      | Reached XP level 5. HP: 27/41 MP: 5/5
  1758 | D:3      | Found Doenur's Antique Weapon Emporium.
  1783 | D:3      | Reached XP level 6. HP: 38/48 MP: 6/6
  1964 | D:3      | Noticed Natasha
  1975 | D:3      | Killed Natasha
  2213 | D:4      | Noticed a black bear
  2232 | D:4      | Killed a black bear
  2233 | D:4      | Reached XP level 7. HP: 45/53 MP: 7/7
  2377 | D:4      | Found a broken altar of Ashenzari.
  2397 | D:4      | Reached skill level 5 in Armour
  2577 | D:4      | Noticed Edmund
  2796 | D:4      | Became a worshipper of Ashenzari the Shackled
  2821 | D:4      | HP: 1/25 [Edmund/+0 dire flail of draining (6)]
  2821 | D:4      | Slain by Edmund

Illustrated notes

Levels and vault maps discovered:
D:1:      giann_bridges, layout_basic
D:2:      layout_basic, serial_bayou_pond_c, uniq_jessica, uniq_terence
D:3:      layout_rooms, serial_shops, shop, uniq_natasha
D:4:      layout_rooms, cheibrodos_ashenzari_chains, uniq_edmund

Skill      XL: |  1  2  3  4  5  6  7 |
---------------+----------------------+-----
Polearms       | 3 4 |  4.8
Armour         | 4 5 |  5.0
Shields        | 4 |  4.1
Fighting       | 4 |  4.1

Action                     |  1- 3 |  4- 6 |  7- 9 || total
---------------------------+-------+-------+-------++-------
  Melee: Trident           |    49 |   209 |   105 ||   363
  Evoke: Wand              |       |       |     2 ||     2
    Use: Potion            |     1 |       |     1 ||     2
         Scroll            |       |     3 |     1 ||     4
 Armour: Scale mail        |    16 |     7 |       ||    23
         Chain mail        |       |   133 |    51 ||   184
  Dodge: Dodged            |    16 |    68 |    38 ||   122
  Block: Buckler           |     5 |    56 |    13 ||    74

Table legend: (Time is in decaauts)
 A = Elapsed time spent in this place.
 B = Non-inter-level travel time spent in this place.
 C = Inter-level travel time spent in this place.
 D = Time resting spent in this place.
 E = Time spent auto-exploring this place.
 F = Levels seen in this place.
 G = Mean time per level.
                   A        B        C        D        E       F      G
               +--------+--------+--------+--------+--------+-----+--------+
         Total |   2910 |   2910 |      0 |    531 |   1358 |   4 |  727.5 |
       Dungeon |   2910 |   2910 |      0 |    531 |   1358 |   4 |  727.5 |
               +--------+--------+--------+--------+--------+-----+--------+

Top non-repeatable levels by time:
     D:2: 1136 daAuts
     D:4: 671 daAuts
     D:3: 596 daAuts
     D:1: 505 daAuts
